APP
OAKLAND (APP) ATHLETICS @ BOSTON (APP) RED SOX
08/25/2046
 
TOP OF THE 1ST
Oakland (APP) Athletics batting - Pitching for Boston (APP) Red Sox : RHP Alex Willerton
Pitching: RHP Alex Willerton
Batting: LHB Tomas Segarra 0-0: Ball
1-0: Foul Ball, location: 2F
1-1: Swinging Strike
1-2: Strikes out swinging
Batting: RHB Matt Sherard 0-0: Ball
1-0: Called Strike
1-1: Ball
2-1: Fly out, F7 (Line Drive, 7S, EV 94.4 MPH)
Batting: SHB D.J. Codd 0-0: Ball
1-0: Ball
2-0: Fly out, F8 (Flyball, 8RXD, EV 88.8 MPH)
Top of the 1st over - 0 runs, 0 hits, 0 errors, 0 left on base; Oakland (APP) 0 - Boston (APP) 0
BOTTOM OF THE 1ST
Boston (APP) Red Sox batting - Pitching for Oakland (APP) Athletics : LHP Kalaida Steedman
Pitching: LHP Kalaida Steedman
Batting: RHB Jim Hubbard 0-0: Ball
1-0: SINGLE (Groundball, 6MD, EV 103.1 MPH)
Batting: RHB Joe Booth 0-0: Grounds out, U3 (Groundball, 3L, EV 103.8 MPH)
Batting: RHB Dave Burwell 0-0: Called Strike
0-1: 2-RUN HOME RUN (Flyball, 7LD, EV 94.4 MPH), Distance : 346 ft
Batting: LHB Carlos Guerra 0-0: Foul Ball, location: 2F
0-1: Ball
1-1: Called Strike
1-2: DOUBLE (Flyball, 8RXD, EV 113.1 MPH)
Batting: RHB Alex Melendez 0-0: DOUBLE (Line Drive, 9LM, EV 101.2 MPH)
Carlos Guerra scores
Batting: SHB Salvador Padilla 0-0: Swinging Strike
0-1: Called Strike
0-2: Ball
1-2: Strikes out looking
Batting: RHB Miguel Villanueva 0-0: Ball
1-0: Called Strike
1-1: Ball
2-1: Called Strike
2-2: Strikes out swinging
Bottom of the 1st over - 3 runs, 4 hits, 0 errors, 1 left on base; Oakland (APP) 0 - Boston (APP) 3
TOP OF THE 2ND
Oakland (APP) Athletics batting - Pitching for Boston (APP) Red Sox : RHP Alex Willerton
Batting: RHB Scott Wiggs 0-0: Ball
1-0: Called Strike
1-1: Swinging Strike
1-2: Strikes out swinging
Batting: LHB Gregg Power 0-0: Called Strike
0-1: Ground out 4-3 (Groundball, 4, EV 100.0 MPH)
Batting: RHB Moses Brokken 0-0: Ball
1-0: Foul Ball, location: 2F
1-1: Swinging Strike
1-2: Strikes out swinging
Top of the 2nd over - 0 runs, 0 hits, 0 errors, 0 left on base; Oakland (APP) 0 - Boston (APP) 3
BOTTOM OF THE 2ND
Boston (APP) Red Sox batting - Pitching for Oakland (APP) Athletics : LHP Kalaida Steedman
Batting: RHB Tony Gallegos 0-0: Ball
1-0: Ball
2-0: Ball
3-0: Base on Balls
Batting: RHB Mario Arriero 0-0: Swinging Strike
0-1: Foul Ball, location: 2F
0-2: Foul Ball, location: 2F
0-2: Ball
1-2: Strikes out looking
Batting: RHB Jim Hubbard 0-0: Swinging Strike
0-1: Ball
1-1: Ball
2-1: Ball
3-1: Base on Balls
Tony Gallegos to second
Batting: RHB Joe Booth 0-0: Foul Ball, location: 2F
0-1: Swinging Strike
0-2: Ball
1-2: Ball
2-2: Foul Ball, location: 2F
2-2: Ball
3-2: Fly out, F9 (Line Drive, 9, EV 90.0 MPH)
Batting: RHB Dave Burwell 0-0: DOUBLE (Flyball, 8RXD, EV 103.1 MPH)
Tony Gallegos scores
Jim Hubbard to third
Batting: LHB Carlos Guerra 0-0: SINGLE (Line Drive, 89S, EV 87.5 MPH)
Jim Hubbard scores
Dave Burwell to third
Runner from 3rd tries for Home, SAFE, throw by RF to home
Batting: RHB Alex Melendez 0-0: Ground out 4-3 (Groundball, 34, EV 85.0 MPH)
Bottom of the 2nd over - 3 runs, 2 hits, 0 errors, 1 left on base; Oakland (APP) 0 - Boston (APP) 6
TOP OF THE 3RD
Oakland (APP) Athletics batting - Pitching for Boston (APP) Red Sox : RHP Alex Willerton
Batting: LHB Nick Pacheco 0-0: Ball
1-0: Ball
2-0: Ball
3-0: Base on Balls
Batting: RHB Zack DiCicco 0-0: Foul Ball, location: 2F
0-1: Foul Ball, location: 2F
0-2: Strikes out swinging
Batting: LHB Tom Raupp 0-0: Ball
1-0: Ball
2-0: Foul Ball, location: 2F
2-1: Called Strike
2-2: Strikes out swinging
Batting: LHB Tomas Segarra 0-0: Ball
1-0: Ball
2-0: Ball
3-0: Called Strike
3-1: Base on Balls
Nick Pacheco to second
Batting: RHB Matt Sherard 0-0: Foul Ball, location: 2F
0-1: Swinging Strike
0-2: Foul Ball, location: 2F
0-2: Ball
1-2: Ball
2-2: Foul Ball, location: 2F
2-2: Fly out, F8 (Flyball, 8LD, EV 94.4 MPH)
Top of the 3rd over - 0 runs, 0 hits, 0 errors, 2 left on base; Oakland (APP) 0 - Boston (APP) 6
BOTTOM OF THE 3RD
Boston (APP) Red Sox batting - Pitching for Oakland (APP) Athletics : LHP Kalaida Steedman
Batting: SHB Salvador Padilla 0-0: Swinging Strike
0-1: Ball
1-1: Foul Ball, location: 2F
1-2: Strikes out swinging
Batting: RHB Miguel Villanueva 0-0: Ball
1-0: Fly out, F3 (Popup, 34S, EV 61.2 MPH)
Batting: RHB Tony Gallegos 0-0: Ground out U3 (Groundball, 34S, EV 85.0 MPH)
Bottom of the 3rd over - 0 runs, 0 hits, 0 errors, 0 left on base; Oakland (APP) 0 - Boston (APP) 6
TOP OF THE 4TH
Oakland (APP) Athletics batting - Pitching for Boston (APP) Red Sox : RHP Alex Willerton
Batting: SHB D.J. Codd 0-0: Ball
1-0: Ball
2-0: Called Strike
2-1: Ball
3-1: Base on Balls
Batting: RHB Scott Wiggs 0-0: Called Strike
0-1: DOUBLE (Flyball, 8RXD, EV 105.6 MPH)
D.J. Codd to third
Batting: LHB Gregg Power 0-0: Called Strike
0-1: Foul Ball, location: 2F
0-2: Strikes out swinging
Batting: RHB Moses Brokken 0-0: 3-RUN HOME RUN (Flyball, 7D, EV 98.8 MPH), Distance : 380 ft
Batting: LHB Nick Pacheco 0-0: Called Strike
0-1: Foul Ball, location: 2F
0-2: Ball
1-2: Foul Ball, location: 2F
1-2: Ball
2-2: Strikes out swinging
Batting: RHB Zack DiCicco 0-0: Ball
1-0: Ball
2-0: Called Strike
2-1: Foul Ball, location: 2F
2-2: Ball
3-2: Base on Balls
Batting: LHB Tom Raupp 0-0: Ball
Zack DiCicco is caught stealing 2nd base 2-6
Top of the 4th over - 3 runs, 2 hits, 0 errors, 0 left on base; Oakland (APP) 3 - Boston (APP) 6
BOTTOM OF THE 4TH
Boston (APP) Red Sox batting - Pitching for Oakland (APP) Athletics : LHP Kalaida Steedman
Batting: RHB Mario Arriero 0-0: Ball
1-0: Called Strike
1-1: Ground out 5-3 (Groundball, 56S, EV 67.5 MPH)
Batting: RHB Jim Hubbard 0-0: Ball
1-0: Ball
2-0: Ball
3-0: Base on Balls
Batting: RHB Joe Booth 0-0: Ball
Jim Hubbard steals 2nd base
1-0: SINGLE (Groundball, 56S, EV 95.6 MPH)
Jim Hubbard to third
Runner from 3rd tries for Home, SAFE, throw by LF to home
Joe Booth to second
Pitching: LHP Kevin Barteaux
Batting: RHB Dave Burwell 0-0: Ground out 5-3 (Groundball, 5, EV 81.2 MPH)
Batting: LHB Carlos Guerra 0-0: Called Strike
0-1: Ball
Wild Pitch!
Joe Booth to third
1-1: Called Strike
1-2: Foul Ball, location: 2F
1-2: Ball
2-2: Ground out 1-3 (Groundball, 23, EV 68.8 MPH)
Bottom of the 4th over - 1 run, 1 hit, 0 errors, 1 left on base; Oakland (APP) 3 - Boston (APP) 7
TOP OF THE 5TH
Oakland (APP) Athletics batting - Pitching for Boston (APP) Red Sox : RHP Alex Willerton
Batting: LHB Tom Raupp 0-0: Ball
1-0: Ball
2-0: Ground out 6-3 (Groundball, P, EV 83.1 MPH)
Batting: LHB Tomas Segarra 0-0: Called Strike
0-1: Ball
1-1: Foul Ball, location: 2F
1-2: Ball
2-2: Foul Ball, location: 2F
2-2: Ball
3-2: Strikes out looking
Batting: RHB Matt Sherard 0-0: Called Strike
0-1: Ground out 5-3 (Groundball, 56S, EV 86.9 MPH)
Top of the 5th over - 0 runs, 0 hits, 0 errors, 0 left on base; Oakland (APP) 3 - Boston (APP) 7
BOTTOM OF THE 5TH
Boston (APP) Red Sox batting - Pitching for Oakland (APP) Athletics : LHP Kevin Barteaux
Batting: RHB Alex Melendez 0-0: Ball
1-0: SINGLE (Groundball, 34, EV 100.6 MPH)
Batting: SHB Salvador Padilla 0-0: Ball
Wild Pitch!
Alex Melendez to second
1-0: Intentional Walk
Batting: RHB Miguel Villanueva 0-0: Foul Ball, location: 2F
0-1: Ball
1-1: Foul Ball, location: 2F
1-2: Strikes out swinging
Batting: RHB Tony Gallegos 0-0: Called Strike
0-1: Foul Ball, location: 2F
0-2: Strikes out looking
Batting: RHB Mario Arriero 0-0: Ball
Wild Pitch!
Alex Melendez to third
Salvador Padilla to second
1-0: Ball
2-0: Ball
3-0: Called Strike
3-1: Called Strike
3-2: Strikes out swinging
Bottom of the 5th over - 0 runs, 1 hit, 0 errors, 2 left on base; Oakland (APP) 3 - Boston (APP) 7
TOP OF THE 6TH
Oakland (APP) Athletics batting - Pitching for Boston (APP) Red Sox : RHP Alex Willerton
Batting: SHB D.J. Codd 0-0: Ball
1-0: SINGLE (Line Drive, 89S, EV 94.4 MPH)
Batting: RHB Scott Wiggs 0-0: Ball
1-0: Called Strike
1-1: Swinging Strike
1-2: Ball
2-2: Strikes out swinging
Batting: LHB Gregg Power 0-0: Called Strike
D.J. Codd is caught stealing 2nd base 2-6
0-1: Foul Ball, location: 2F
0-2: Ball
1-2: Ball
2-2: Foul Ball, location: 2F
2-2: Ball
3-2: Foul Ball, location: 2F
3-2: Foul Ball, location: 2F
3-2: Base on Balls
Batting: RHB Moses Brokken 0-0: Ball
1-0: Ball
2-0: Foul Ball, location: 2F
2-1: Fly out, F4 (Popup, 3S, EV 80.6 MPH)
Top of the 6th over - 0 runs, 1 hit, 0 errors, 1 left on base; Oakland (APP) 3 - Boston (APP) 7
BOTTOM OF THE 6TH
Boston (APP) Red Sox batting - Pitching for Oakland (APP) Athletics : LHP Kevin Barteaux
Batting: RHB Jim Hubbard 0-0: Called Strike
0-1: Called Strike
0-2: Strikes out swinging
Batting: RHB Joe Booth 0-0: Swinging Strike
0-1: Ball
1-1: Ball
2-1: Ball
3-1: Foul Ball, location: 2F
3-2: Strikes out swinging
Batting: RHB Dave Burwell 0-0: Foul Ball, location: 2F
0-1: Called Strike
0-2: Hit by Pitch
Batting: LHB Carlos Guerra 0-0: Ball
1-0: Ball
2-0: Called Strike
2-1: Foul Ball, location: 2F
2-2: Strikes out swinging
Bottom of the 6th over - 0 runs, 0 hits, 0 errors, 1 left on base; Oakland (APP) 3 - Boston (APP) 7
TOP OF THE 7TH
Oakland (APP) Athletics batting - Pitching for Boston (APP) Red Sox : RHP Alex Willerton
Pitching: RHP Tyler Tomblin
Batting: LHB Nick Pacheco 0-0: Ball
1-0: Ball
2-0: Called Strike
2-1: Fly out, F3 (Popup, 3SF, EV 71.9 MPH)
Batting: RHB Zack DiCicco 0-0: Called Strike
0-1: Fly out, F7 (Flyball, 78M, EV 95.0 MPH)
Batting: LHB Tom Raupp 0-0: Ball
1-0: Called Strike
1-1: Ball
2-1: Called Strike
2-2: Strikes out looking
Top of the 7th over - 0 runs, 0 hits, 0 errors, 0 left on base; Oakland (APP) 3 - Boston (APP) 7
BOTTOM OF THE 7TH
Boston (APP) Red Sox batting - Pitching for Oakland (APP) Athletics : LHP Kevin Barteaux
Batting: RHB Alex Melendez 0-0: Called Strike
0-1: Foul Ball, location: 2F
0-2: Ball
1-2: Strikes out swinging
Batting: SHB Salvador Padilla 0-0: Swinging Strike
0-1: Ball
1-1: SINGLE (Groundball, 6M, EV 103.8 MPH)
Batting: RHB Miguel Villanueva 0-0: Ball
1-0: Ball
Salvador Padilla is caught stealing 2nd base 2-4
2-0: Called Strike
2-1: Ball
3-1: Called Strike
3-2: Strikes out swinging
Bottom of the 7th over - 0 runs, 1 hit, 0 errors, 0 left on base; Oakland (APP) 3 - Boston (APP) 7
TOP OF THE 8TH
Oakland (APP) Athletics batting - Pitching for Boston (APP) Red Sox : RHP Tyler Tomblin
Batting: LHB Tomas Segarra 0-0: Called Strike
0-1: Ground out 6-3 (Groundball, 6, EV 86.2 MPH)
Batting: RHB Matt Sherard 0-0: Ball
1-0: Called Strike
1-1: Fly out, F7 (Flyball, 7, EV 95.0 MPH)
Batting: SHB D.J. Codd 0-0: Ball
1-0: Foul Ball, location: 2F
1-1: Called Strike
1-2: Foul Ball, location: 2F
1-2: Ball
2-2: Ball
3-2: Base on Balls
Batting: RHB Scott Wiggs 0-0: Swinging Strike
0-1: Foul Ball, location: 2F
0-2: Ball
1-2: Foul Ball, location: 2F
1-2: Strikes out swinging
Top of the 8th over - 0 runs, 0 hits, 0 errors, 1 left on base; Oakland (APP) 3 - Boston (APP) 7
BOTTOM OF THE 8TH
Boston (APP) Red Sox batting - Pitching for Oakland (APP) Athletics : LHP Kevin Barteaux
Batting: RHB Tony Gallegos 0-0: Ball
1-0: Swinging Strike
1-1: Called Strike
1-2: Strikes out swinging
Batting: RHB Mario Arriero 0-0: Called Strike
0-1: Called Strike
0-2: Ball
1-2: Strikes out swinging
Batting: RHB Jim Hubbard 0-0: Ball
1-0: Swinging Strike
1-1: Called Strike
1-2: Ball
2-2: Foul Ball, location: 2F
2-2: Foul Ball, location: 2F
2-2: Ball
3-2: Strikes out swinging
Bottom of the 8th over - 0 runs, 0 hits, 0 errors, 0 left on base; Oakland (APP) 3 - Boston (APP) 7
TOP OF THE 9TH
Oakland (APP) Athletics batting - Pitching for Boston (APP) Red Sox : RHP Tyler Tomblin
Pitching: RHP Chris Cory
Batting: LHB Gregg Power 0-0: Ball
1-0: Ball
2-0: Swinging Strike
2-1: Foul Ball, location: 2F
2-2: Ground out 4-3 (Groundball, 4, EV 85.0 MPH)
Batting: RHB Moses Brokken 0-0: Called Strike
0-1: Ball
1-1: Ball
2-1: SINGLE (Groundball, 6M, EV 95.6 MPH)
Batting: LHB Nick Pacheco 0-0: Called Strike
0-1: Foul Ball, location: 2F
0-2: 2-RUN HOME RUN (Flyball, 8RXD, EV 110.0 MPH), Distance : 435 ft
Batting: RHB Zack DiCicco 0-0: Foul Ball, location: 2F
0-1: Ball
1-1: Called Strike
1-2: Ball
2-2: Ball
3-2: Reached on error, E2 (Groundball, 2R, EV 71.2 MPH)
Batting: LHB Tom Raupp 0-0: Swinging Strike
0-1: Swinging Strike
0-2: Strikes out swinging
Batting: LHB Tomas Segarra 0-0: Called Strike
0-1: Ball
1-1: Foul Ball, location: 2F
1-2: Strikes out swinging
Top of the 9th over - 2 runs, 2 hits, 1 error, 1 left on base; Oakland (APP) 5 - Boston (APP) 7
Tuesday, September 13th , 2022 - OOTP Baseball 23.7 Build 88